 Dungeon Crawl Stone Soup version 0.29-a0-838-g385bb11a5b (webtiles) character file.

Game seed: 6304219937428247183

37 xian the Sneak (level 3, -1/24 HPs)
             Began as an Octopode Brigand on July 13, 2022.
             Succumbed to an adder's poison
             ... on level 2 of the Dungeon.
             The game lasted 00:01:58 (842 turns).

xian the Sneak (Octopode Brigand)                    Turns: 842, Time: 00:01:58

Health: -1/24      AC:  1    Str: 12    XL:     3   Next: 39%
Magic:  3/3        EV: 12    Int: 13    God:
Gold:   54         SH:  0    Dex: 13    Spells: 2/2 levels left

rFire   . . .      SeeInvis .   a - +2 dagger
rCold   . . .      Faith    .   (no shield)
rNeg    . . .      Spirit   .   (helmet restricted)
rPois   .          Reflect  .   (no amulet)
rElec   .          Harm     .   (no ring)
rCorr   .          Rampage  .   (no ring)
Will    .....                   (no ring)
Stlth   ++++......              (no ring)
HPRegen 0.08/turn               (no ring)
MPRegen 0.08/turn               (no ring)
                                (no ring)
                                (no ring)

@: lethally poisoned (-1 -> -11), invisible
A: almost no armour, amphibious, 8 rings, camouflage 1, gelatinous body 1,
(nimble swimmer 1), tentacles
a: no special abilities


You were on level 2 of the Dungeon.
You visited 1 branch of the dungeon, and saw 2 of its levels.

You collected 54 gold pieces.

Inventory:

Hand Weapons
 a - a +2 dagger (weapon)
Missiles
 b - 9 poisoned darts (quivered)
 c - 3 curare-tipped darts
 g - 4 boomerangs
Scrolls
 d - a scroll of amnesia {unknown}
 e - a scroll of blinking {unknown}
 f - a scroll of torment {unknown}
Potions
 h - a potion of invisibility
 i - a potion of attraction {unknown}


   Skills:
 + Level 2.1 Fighting
 + Level 2.0 Short Blades
 + Level 2.2 Throwing
 + Level 1.1 Dodging
 + Level 6.6 Stealth


You had 2 spell levels left.
You didn't know any spells.
Your spell library was empty.

Dungeon Overview and Level Annotations

Branches:
Dungeon (1/15)

Altars:


Innate Abilities, Weirdness & Mutations

You cannot wear most types of armour.
You are amphibious.
You can wear up to eight rings at the same time.
Your skin changes colour to match your surroundings (Stealth+).
Your rubbery body absorbs attacks. (AC +1, EV +1)
((You are camouflaged when in or above water. (Stealth+)))
You have tentacles for arms and can constrict up to eight enemies at once.


Message History

The adder bites you.
You are poisoned.
The adder poisons you!
You feel sick. The adder bites you.
You are more poisoned.
The adder poisons you!
You hit the adder. You grab the adder. You squeeze the adder.
The adder is moderately wounded.
You constrict the adder.
You feel very sick. The adder closely misses you.
You hit the adder but do no damage. Your squeeze misses the adder.
The adder is heavily wounded.
You constrict the adder.
You feel sick. The adder bites you.
You are more poisoned.
The adder poisons you!
You hit the adder.
The adder is heavily wounded.
You constrict the adder.
You feel very sick. The adder bites you.
You barely miss the adder.
The adder is severely wounded.
You constrict the adder.
* * * LOW HITPOINT WARNING * * *
You feel sick. The adder barely misses you. The adder bites you.
* * * LOW HITPOINT WARNING * * *
You are more poisoned.
The adder poisons you!
You hit the adder but do no damage. Your squeeze misses the adder.
The adder is almost dead.
You constrict the adder.
You kill the adder!
* * * LOW HITPOINT WARNING * * *
You feel very sick.
* * * LOW HITPOINT WARNING * * *
You feel sick.
It was a potion of invisibility.
You fade into invisibility!
You die...

############.#.####...
#..##.≈ #.#.# #...'..
#.#.# #...'.. #.#.#
#.#.'.. #.#.. ...#.#.≈
#.### #######.. #.#
##. #.#### ## #..@.# #
#....+ ##...# #...#
#...# #...# #...#
#...# #...#


There were no monsters in sight!

Vanquished Creatures
  2 adders (D:2)
  3 bats (D:1)
  2 giant cockroaches
  A goblin (D:2)
  4 hobgoblins
  2 kobolds
  A ball python (D:2)
  A rat (D:1)
16 creatures vanquished.

Notes
Turn   | Place    | Note
-------+----------+-------------------------------------------
     0 | D:1      | xian the Octopode Brigand began the quest for the Orb.
     0 | D:1      | Reached XP level 1. HP: 14/14 MP: 1/1
   299 | D:1      | Reached XP level 2. HP: 10/19 MP: 2/2
   529 | D:1      | Reached skill level 6 in Stealth
   574 | D:1      | You fall into a shaft and drop 1 floor!
   730 | D:2      | Reached XP level 3. HP: 22/24 MP: 3/3
   841 | D:2      | HP: 1/24 [poisoned by an adder]
   842 | D:2      | Succumbed to an adder's poison

Illustrated notes

Levels and vault maps discovered:
D:1:      dpeg_arrival_castle, layout_loops_corners,
          shapermc_ecumenical_altar_mp_highgroup
D:2:      layout_basic, kennysheep_cluttered_room, serial_park_tiny_pond

Skill      XL: |  1  2 |
---------------+-------+-----
Stealth        | 6 |  6.6
Fighting       | |  2.1
Short Blades   | |  2.0
Throwing       | |  2.2
Dodging        | |  1.1

Action                   || total
-------------------------++-------
Melee: Dagger            ||    33
       Constrict         ||     8
       Tentacles         ||    10
Throw: Dart              ||     1
  Use: Potion            ||     1
 Stab: Sleeping          ||     4
Armor: Skin              ||     5
Dodge: Dodged            ||    21

Table legend: (Time is in decaauts)
 A = Elapsed time spent in this place.
 B = Non-inter-level travel time spent in this place.
 C = Inter-level travel time spent in this place.
 D = Time resting spent in this place.
 E = Time spent auto-exploring this place.
 F = Levels seen in this place.
 G = Mean time per level.
                   A        B        C        D        E       F      G
               +--------+--------+--------+--------+--------+-----+--------+
         Total |    838 |    838 |      0 |      0 |    581 |   2 |  419.0 |
       Dungeon |    838 |    838 |      0 |      0 |    581 |   2 |  419.0 |
               +--------+--------+--------+--------+--------+-----+--------+

Top non-repeatable levels by time:
     D:1: 572 daAuts
     D:2: 265 daAuts
